 Dungeon Crawl Stone Soup version 0.32-a0-666-ge8a88695a4 (webtiles) character file.

Game seed: 10313735119151042468

11 Esekla the Sneak (level 2, 21/21 HPs)
             Began as an Octopode Delver on Mar 10, 2024.
             Quit the game on level 5 of the Dungeon.
             The game lasted 00:04:22 (231 turns).

Esekla the Sneak (Octopode Delver)                   Turns: 231, Time: 00:04:22

Health: 21/21      AC:  1    Str: 11    XL:     2   Next: 25%
Magic:  2/2        EV: 13    Int: 12    God:
Gold:   13         SH:  0    Dex: 13    Spells: 1/1 levels left

rFire   . . .        a - +0 falchion
rCold   . . .        (no shield)
rNeg    . . .        (helmet restricted)
rPois   .            (no amulet)
rElec   .            n - ring of see invisible
rCorr   .            (no ring)
SInv    +            (no ring)
Will    .....        (no ring)
Stlth   ++++         (no ring)
HPRegen 0.23/turn    (no ring)
MPRegen 0.08/turn    (no ring)
                     (no ring)

%: no passive effects
@: no status effects
A: almost no armour, amphibious, 8 rings, camouflage 1, gelatinous body 1,
(nimble swimmer 1), tentacles
a: no special abilities


You were on level 5 of the Dungeon.
You visited 2 branches of the dungeon, and saw 2 of its levels.

You collected 13 gold pieces.

Inventory:

Hand Weapons
 a - a +0 falchion (weapon)
 h - a +0 trident
Missiles
 m - 3 poisoned darts (quivered)
Jewellery
 n - a ring of see invisible (left tentacle)
Wands
 f - a wand of digging (3)
Scrolls
 b - a scroll of fog
 d - a scroll of fear
 i - a scroll of noise {unknown}
 j - a scroll of teleportation {unknown}
 k - a scroll of identify {unknown}
Potions
 c - a potion of curing {unknown}
 e - a potion of haste
 g - a potion of attraction {unknown}
 l - a potion of enlightenment {unknown}


   Skills:
 * Level 3.1 Fighting
 + Level 2.0 Long Blades
 * Level 2.2 Dodging
 + Level 6.9 Stealth
 * Level 0.2 Spellcasting


You had one spell level left.
You didn't know any spells.
Your spell library was empty.

Dungeon Overview and Level Annotations

Branches:
Dungeon (5/15)             Temple (1/1) D:5

Altars:
Ashenzari
Cheibriados
Dithmenos
Fedhas
Hepliaklqana
Kikubaaqudgha
Sif Muna
Trog
Uskayaw
Wu Jian
Yredelemnul
Zin


Innate Abilities, Weirdness & Mutations

You cannot wear most types of armour.
You are amphibious.
You can wear up to eight rings at the same time.
Your skin changes colour to match your surroundings (Stealth+).
Your rubbery body absorbs attacks. (AC +1, EV +1)
((You are camouflaged when in or above water. (Stealth+)))
You have tentacles for arms and can constrict up to eight enemies at once.


Message History

The ufetubus hits you but does no damage.
The ufetubus hits you. The ufetubus closely misses you.
The ufetubus barely misses you.
You hit the ufetubus but do no damage. Your grab misses the ufetubus.
The ufetubus is heavily wounded.
The ufetubus misses you. The ufetubus barely misses you.
You closely miss the ufetubus. You grab the ufetubus.
Your squeeze misses the ufetubus.
The ufetubus is heavily wounded.
You constrict the ufetubus.
You kill the ufetubus!
You have reached level 2!
You start resting.
HP restored.
Found a scroll labelled DALEMU VUFFEHE.
Found a staircase to the Ecumenical Temple.
There is a staircase to the Ecumenical Temple here.
You climb downwards.
Welcome to the Ecumenical Temple!
Found eleven altars.
Found a staircase back to the Dungeon.
There is a staircase back to the Dungeon here.
You climb upwards.
There is a staircase to the Ecumenical Temple here.
Found a scale mail.
i - a scroll labelled DALEMU VUFFEHE A gnoll sergeant comes into view.
It is wielding a +0 trident.
Found 10 gold pieces.
Found a scroll labelled NIGAAL PEBO.
j - a scroll labelled NIGAAL PEBO
Found a scroll labelled GABONKI SICLIGYSE.
Found 3 poisoned darts.
Found a bubbling puce potion.
k - a scroll labelled GABONKI SICLIGYSE
l - a bubbling puce potion
Found a brass ring.
You see here 3 poisoned darts.
m - 3 poisoned darts
n - a ring of see invisible
n - a ring of see invisible (left tentacle)
A phantom comes into view.
Are you sure you want to abandon this character and quit the game? (Confirm with "yes".)

,,,,,,,,.................>....#.#
********########....###+#.##.##..
*******#######..#.#.....##.####
*,,,,,,.........#.......##.....
*,,,,,,.....###..##.....###....
*,,,,,,....,####..#.....###....
*,,,,,,.....#####.#.....###....
*********,#....##.W.....# ####.
*,,,,*,***#@###......# #....
*,,,,*,* #.###.####.###....
*,,,,*,* #...W.............
**,,,,*,* #####.####.###...# ***
*<,,,,+,* #.#***,* #.... ,,*
**,,,,*********#....#.# #...#
*,****,,,,* *,,,,,.....#.# #####
,,,,**,,,,* *,,,,,.....#.# #####
,,,,**,,,,* *,,,,,g......###...#


There were no monsters in sight!

Vanquished Creatures
  2 ufetubi (D:5)
2 creatures vanquished.

Notes
Turn   | Place    | Note
-------+----------+-------------------------------------------
     0 | D:5      | Esekla the Octopode Delver began the quest for the Orb.
     0 | D:5      | Reached XP level 1. HP: 16/16 MP: 1/1
     0 | D:5      | Found a broken altar of Ashenzari.
    54 | D:5      | Reached XP level 2. HP: 13/21 MP: 2/2
    92 | D:5      | Found a staircase to the Ecumenical Temple.
   101 | Temple   | Entered the Ecumenical Temple
   113 | D:5      | Noticed a gnoll sergeant
   211 | D:5      | Noticed a phantom
   231 | D:5      | Quit the game

Illustrated notes

Levels and vault maps discovered:
D:5:      layout_basic, ashenzari_altar_1, minmay_temple_entry_gardened_gates,
          serial_shops, nicolae_stop_n_shop_1
Temple:   minmay_freezing_vapour_temple

Action                     || total
---------------------------++-------
  Melee: Falchion          ||     7
         Constrict         ||     2
         Tentacles         ||     1
    Use: Scroll            ||     1
 Armour: Skin              ||     4
  Dodge: Dodged            ||    14

Table legend: (Time is in decaauts)
 A = Elapsed time spent in this place.
 B = Non-inter-level travel time spent in this place.
 C = Inter-level travel time spent in this place.
 D = Time resting spent in this place.
 E = Time spent auto-exploring this place.
 F = Levels seen in this place.
 G = Mean time per level.
                   A        B        C        D        E       F      G
               +--------+--------+--------+--------+--------+-----+--------+
         Total |    232 |    232 |      0 |     34 |      0 |   2 |  116.0 |
       Dungeon |    230 |    230 |      0 |     34 |      0 |   1 |  230.0 |
        Temple |      1 |      1 |      0 |      0 |      0 |   1 |    1.0 |
               +--------+--------+--------+--------+--------+-----+--------+

Top non-repeatable levels by time:
     D:5: 230 daAuts
  Temple: 1 daAuts
